 Dungeon Crawl Stone Soup version 0.23.2-1-ga50397a (webtiles) character file.

Game seed: 7588878397121852320

2142 grenoire the Cleaver (level 9, -5/78 HPs)
             Began as a Minotaur Berserker on May 1, 2019.
             Was a Priest of Trog.
             Slain by an orc knight
             ... wielding a +0 war axe
              (12 damage)
             ... in a bailey.
             The game lasted 00:31:01 (6654 turns).

grenoire the Cleaver (Minotaur Berserker)           Turns: 6654, Time: 00:31:01

Health: -5/78      AC: 10    Str: 26    XL:     9   Next: 9%
Magic:  8/8        EV: 12    Int:  4    God:    Trog [***...]
Gold:   255        SH:  0    Dex:  9    Spells: 8/8 levels left

rFire    . . .     SeeInvis .   m - +0 war axe
rCold    . . .     Gourm    .   (no shield)
rNeg     . . .     Faith    .   e - +2 scale mail
rPois    .         Spirit   .   (helmet restricted)
rElec    .         Reflect  .   (no cloak)
rCorr    .         Harm     .   (no gloves)
MR       +....                  (no boots)
Stlth    ..........             (no amulet)
HPRegen  0.23/turn              l - ring of wizardry
MPRegen  0.11/turn              r - ring of protection from magic

@: berserk cooldown, slowed, very slow
A: retaliatory headbutt, horns 2
a: Berserk, Trog's Hand, Renounce Religion


You were in a bailey.
You worshipped Trog.
Trog was most pleased with you.
You were not hungry.

You visited 1 branch of the dungeon, and saw 7 of its levels.
You also visited: Bailey.

You collected 335 gold pieces.
You spent 80 gold pieces at shops.

Inventory:

Hand Weapons
 a - a +0 hand axe
 m - a +0 war axe (weapon)
Armour
 b - a +0 animal skin
 e - a +2 scale mail (worn)
 g - a +0 leather armour
Magical Staves
 w - an uncursed staff of conjuration {unknown}
Jewellery
 l - a ring of wizardry (left hand)
 n - a +2 ring of intelligence
 r - a ring of protection from magic (right hand)
Wands
 p - a wand of iceblast (19)
Scrolls
 d - 3 scrolls of remove curse
 f - 14 scrolls of identify
 k - 4 scrolls of magic mapping
 o - 4 scrolls of teleportation
 x - a scroll of enchant weapon {unknown}
Potions
 h - 5 potions of brilliance
 i - 4 potions of curing
 j - a potion of resistance {unknown}
 q - 3 potions of heal wounds
 s - 2 potions of magic {unknown}
 t - a potion of cancellation {unknown}
 u - a potion of flight {unknown}
 v - 2 potions of haste {unknown}
Comestibles
 c - 5 rations


   Skills:
 + Level 6.5 Fighting
 + Level 10.3 Axes
 + Level 8.0 Armour
 + Level 4.1 Dodging
 + Level 1.7 Stealth


You had 8 spell levels left.
You didn't know any spells.
Your spell library was empty.

Dungeon Overview and Level Annotations

Branches:
Dungeon (7/15)
 Temple: D:4-7

Altars:
Elyvilon
Kikubaaqudgha
Makhleb
Nemelex Xobeh
Qazlal
Trog
Wu Jian
Xom
Yredelemnul

Shops:
D:5 !

Annotations:
D:3 Blork the orc


Innate Abilities, Weirdness & Mutations

You reflexively headbutt those who attack you in melee.
You have a pair of horns on your head.


Message History

You slash the orc warrior!
You kill the orc warrior!
Trog accepts your kill.
Your Armour skill increases to level 8!
You hit the orc knight but do no damage.
You are no longer berserk.
You are exhausted.
You feel yourself slow down.
The orc knight hits you with a +0 war axe!
* * * LOW HITPOINT WARNING * * *
You closely miss the orc knight.
The orc knight is moderately wounded.
You slash the goblin!
You kill the goblin!
Trog accepts your kill.
The orc knight hits you with a +0 war axe!
* * * LOW HITPOINT WARNING * * *
The kobold shouts!
You hear a shout!
The orc knight hits you with a +0 war axe!
You die... ... ... ######.###### (..#...#... ..o8g.o #gog#

##g## #g.o#
#.@.# #())#
######'######
#....≈.≈K...#
#'###≈.≈###'#
#....≈.≈K...#
#'###≈.≈###'#
#..(.≈.≈K...#
#(###≈.≈###'#


You could see an orc knight, 2 orc warriors, 2 gnolls, 3 hobgoblins and 2
kobolds.

Vanquished Creatures
  Menkaure (D:6)
  2 sky beasts (D:6)
  An ice beast (D:6)
  5 orc warriors
  3 ogres
  2 bullfrogs (D:6)
  A scorpion (D:4)
  A howler monkey (D:7)
  A centaur zombie (D:5)
  4 crimson imps (D:5)
  A bullfrog zombie (D:5)
  A centaur skeleton (D:6)
  3 orc priests
  A hound (D:6)
  2 jellies (D:6)
  An orc wizard (D:4)
  2 iguanas
  2 worker ants
  A hound zombie (D:6)
  A hound skeleton (D:4)
  A worker ant zombie (D:5)
  3 gnolls (D:3)
  9 adders
  2 oozes
  6 worms
  A dart slug (D:2)
  5 leopard geckos
  19 orcs
  4 giant cockroaches
  11 goblins
  10 hobgoblins
  6 jackals
  10 kobolds
  2 quokkas
  A ball python (D:1)
  5 bats
  4 frilled lizards
  A jackal skeleton (D:5)
  A quokka skeleton (D:6)
  5 rats
  2 bushes (D:2)
  3 plants (D:2)
147 creatures vanquished.

Notes
Turn   | Place    | Note
-------+----------+-------------------------------------------
     0 | D:1      | grenoire the Minotaur Berserker began the quest for the
                  | Orb.
     0 | D:1      | Reached XP level 1. HP: 19/19 MP: 0/0
   276 | D:1      | Reached XP level 2. HP: 18/27 MP: 1/1
   386 | D:1      | Reached skill level 4 in Axes
   752 | D:1      | You fall through a shaft!
   817 | D:2      | Reached XP level 3. HP: 23/33 MP: 2/2
  1316 | D:2      | Found a stormy altar of Qazlal.
  1316 | D:2      | Found an ancient bone altar of Kikubaaqudgha.
  1317 | D:2      | Found a burning altar of Makhleb.
  1347 | D:2      | Reached skill level 5 in Axes
  1347 | D:2      | Reached XP level 4. HP: 28/40 MP: 3/3
  1701 | D:2      | Found a sparkling altar of Nemelex Xobeh.
  1872 | D:2      | Reached ** piety under Trog
  1881 | D:2      | Reached XP level 5. HP: 47/47 MP: 4/4
  2138 | D:3      | You fall through a shaft!
  2470 | D:3      | Reached skill level 1 in Stealth
  2510 | D:3      | Reached skill level 6 in Axes
  2923 | D:3      | Noticed Blork the orc
  3222 | D:4      | Reached XP level 6. HP: 53/53 MP: 5/5
  3364 | D:4      | Found a basalt altar of Yredelemnul.
  3968 | D:4      | Found a bloodstained altar of Trog.
  4084 | D:4      | Reached skill level 5 in Armour
  4112 | D:5      | Entered Level 5 of the Dungeon
  4170 | D:5      | Found a white marble altar of Elyvilon.
  4245 | D:5      | Reached *** piety under Trog
  4279 | D:5      | Reached XP level 7. HP: 58/60 MP: 6/6
  4281 | D:5      | Reached skill level 7 in Axes
  4321 | D:5      | Reached skill level 5 in Fighting
  4367 | D:5      | Found an ornate altar of the Wu Jian Council.
  4463 | D:5      | Found Zoushuh's Distillery.
  4473 | D:5      | Bought a potion of heal wounds for 50 gold pieces
  4473 | D:5      | Bought a potion of curing for 30 gold pieces
  4528 | D:5      | Found a shimmering altar of Xom.
  4720 | D:6      | Reached skill level 8 in Axes
  4850 | D:6      | Reached XP level 8. HP: 69/69 MP: 7/7
  4912 | D:6      | Reached skill level 9 in Axes
  5284 | D:6      | Noticed Menkaure
  5291 | D:6      | Killed Menkaure
  6293 | D:7      | Found a flagged portal.
  6308 | Bailey   | Entered a bailey
  6367 | Bailey   | Reached **** piety under Trog
  6369 | Bailey   | Reached skill level 10 in Axes
  6638 | Bailey   | Noticed an orc knight
  6645 | Bailey   | Reached XP level 9. HP: 70/78 MP: 8/8
  6654 | Bailey   | Slain by an orc knight

Skill      XL: |  1  2  3  4  5  6  7  8  9 |
---------------+----------------------------+-----
Axes           | 4 5 6 8 10 | 10.3
Fighting       | 4 5 6 |  6.5
Armour         | 3 4 5 6 7 8 |  8.0
Stealth        | 1 |  1.7
Dodging        | 3 4 |  4.1

Action                   |  1- 3 |  4- 6 |  7- 9 || total
-------------------------+-------+-------+-------++-------
Melee: Hand axe          |    72 |   326 |       ||   398
       Headbutt          |    10 |   100 |    30 ||   140
       War axe           |       |     2 |   128 ||   130
Invok: Berserk           |       |     5 |     5 ||    10
       Trog's Hand       |       |       |     2 ||     2
       Brothers in Arms  |       |       |     1 ||     1
  Use: Scroll            |     3 |     6 |     2 ||    11
       Potion            |       |     1 |       ||     1
  Eat: Ration            |     1 |     3 |     4 ||     8
       Chunk             |       |     2 |       ||     2
Armor: Leather armour    |     3 |       |       ||     3
       Scale mail        |    19 |    60 |    68 ||   147
Dodge: Dodged            |    50 |    81 |   128 ||   259
